 Dungeon Crawl Stone Soup version 0.28-a0-1286-g6bde065e89 (webtiles) character file.

Game seed: 5549662693530339565

9 donnydurka the Chopper (level 2, -2/27 HPs)
             Began as a Minotaur Berserker on Dec 26, 2021.
             Was a Follower of Trog.
             Slain by a gnoll (7 damage)
             ... on level 1 of the Dungeon.
             The game lasted 00:02:27 (395 turns).

donnydurka the Chopper (Minotaur Berserker)          Turns: 395, Time: 00:02:27

Health: -2/27      AC:  3    Str: 21    XL:     2   Next: 6%
Magic:  1/1        EV: 12    Int:  4    God:    Trog [*.....]
Gold:   10         SH:  0    Dex:  9    Spells: 1/1 levels left

rFire   . . .      SeeInvis .   a - +0 hand axe
rCold   . . .      Faith    .   (no shield)
rNeg    . . .      Spirit   .   b - +0 animal skin
rPois   .          Reflect  .   (helmet restricted)
rElec   .          Harm     .   (no cloak)
rCorr   .          Rampage  .   (no gloves)
Will    .....                   c - +0 pair of boots
Stlth   +.........              (no amulet)
HPRegen 0.09/turn               (no ring)
MPRegen 0.07/turn               (no ring)

@: no status effects
A: horns 2, retaliatory headbutt
a: Renounce Religion, Berserk


You were on level 1 of the Dungeon.
You worshipped Trog.
Trog was aware of your devotion.
You visited 1 branch of the dungeon, and saw 1 of its levels.

You collected 10 gold pieces.

Inventory:

Hand Weapons
 a - a +0 hand axe (weapon)
 d - a +0 quarterstaff
 e - a +0 war axe
Missiles
 f - 36 stones (quivered)
Armour
 b - a +0 animal skin (worn)
 c - a +0 pair of boots (worn)


   Skills:
 + Level 3.8 Fighting
 + Level 4.0 Axes
 + Level 2.4 Armour
 + Level 2.3 Dodging
 + Level 0.1 Stealth


You had one spell level left.
You didn't know any spells.
Your spell library was empty.

Dungeon Overview and Level Annotations

Branches:
Dungeon (1/15)

Altars:


Innate Abilities, Weirdness & Mutations

You have a pair of horns on your head.
You reflexively headbutt those who attack you in melee.


Message History

Trog accepts your kill.
You closely miss the quokka. The gnoll closely misses you.
The quokka closely misses you.
The gnoll hits you from afar with a +0 spear.
You closely miss the quokka.
The quokka bites you but does no damage.
The quokka barely misses you. The gnoll closely misses you.
You closely miss the quokka. The quokka closely misses you.
You furiously retaliate!
You headbutt the quokka!
You kill the quokka!
Trog accepts your kill. The gnoll barely misses you.
The hobgoblin closely misses you.
You hit the hobgoblin.
The hobgoblin is heavily wounded.
The hobgoblin barely misses you.
You hit the hobgoblin. You headbutt the hobgoblin.
You kill the hobgoblin!
Trog accepts your kill. The kobold closely misses you. You furiously retaliate!
You headbutt the kobold!
You kill the kobold!
Trog accepts your kill.
Your Axes skill increases to level 4!
You have reached level 2!
The gnoll hits you from afar with a +0 spear.
* * * LOW HITPOINT WARNING * * *
The gnoll hits you with a +0 spear.
* * * LOW HITPOINT WARNING * * *
You completely miss the gnoll.
The gnoll is lightly wounded.
The gnoll hits you with a +0 spear.
* * * LOW HITPOINT WARNING * * *
You hit the gnoll.
The gnoll is heavily wounded.
The gnoll closely misses you.
You barely miss the gnoll.
The gnoll is heavily wounded.
The gnoll hits you with a +0 spear!
You die...

#.##.###.##.# #.##...#
#.........#.######.##...#
###.#######.#......##...#
#.).......#......#....#
#########)#......#..#.#
#...#......#..#.##
######.#>'†............
#......#g#.....###.....
#.....÷#@#.....# ...
#........#.....# . .
#.....####.....# ...
#.....# #.....#..#
#.....# #..)†...# #.....#
#.....#...#
#................###
######.......(......
#........(......


You could see a gnoll.

Vanquished Creatures
  A giant cockroach (D:1)
  A hobgoblin (D:1)
  2 kobolds (D:1)
  2 quokkas (D:1)
  A ball python (D:1)
  A frilled lizard (D:1)
  A rat (D:1)
9 creatures vanquished.

Notes
Turn   | Place    | Note
-------+----------+-------------------------------------------
     0 | D:1      | donnydurka the Minotaur Berserker began the quest for the
                  | Orb.
     0 | D:1      | Reached XP level 1. HP: 19/19 MP: 0/0
   389 | D:1      | Reached skill level 4 in Axes
   389 | D:1      | Reached XP level 2. HP: 10/27 MP: 1/1
   395 | D:1      | Slain by a gnoll

Illustrated notes

Levels and vault maps discovered:
D:1:      dpeg_arrival_arbitrary_a, layout_basic,
          ebering_ecumenical_altar_sacrificial, minmay_pentomino_s2

Skill      XL: |  1 |
---------------+----+-----
Axes           | 4 |  4.0
Fighting       | |  3.8
Armour         | |  2.4
Dodging        | |  2.3
Stealth        | |  0.1

Action                   || total
-------------------------++-------
Melee: Hand axe          ||    22
       Headbutt          ||     2
Throw: Stone             ||     9
Armor: Animal skin       ||     4
Dodge: Dodged            ||    18

Table legend: (Time is in decaauts)
 A = Elapsed time spent in this place.
 B = Non-inter-level travel time spent in this place.
 C = Inter-level travel time spent in this place.
 D = Time resting spent in this place.
 E = Time spent auto-exploring this place.
 F = Levels seen in this place.
 G = Mean time per level.
                   A        B        C        D        E       F      G
               +--------+--------+--------+--------+--------+-----+--------+
         Total |    398 |    398 |      0 |    108 |     75 |   1 |  398.0 |
       Dungeon |    398 |    398 |      0 |    108 |     75 |   1 |  398.0 |
               +--------+--------+--------+--------+--------+-----+--------+

Top non-repeatable levels by time:
     D:1: 398 daAuts
